 Dungeon Crawl Stone Soup version 0.28.0-45-g0d030f2227 (webtiles) character file.

Game seed: 11529081621164921208

4837 raph the Severer (level 10, 0/81 HPs)
             Began as a Minotaur Fighter on Apr 17, 2022.
             Was the Champion of Zin.
             Killed by divine providence
             ... invoked by a meliai
              (12 damage)
             ... on level 8 of the Dungeon.
             The game lasted 00:14:31 (9648 turns).

raph the Severer (Minotaur Fighter)                 Turns: 9648, Time: 00:14:31

Health: 0/81       AC: 21    Str: 23    XL:     10   Next: 25%
Magic:  9/9        EV: 10    Int:  5    God:    Zin [******]
Gold:   2054       SH: 10    Dex: 14    Spells: 9/9 levels left

rFire   . . .      SeeInvis .   a - +1 war axe
rCold   . . .      Faith    .   j - +1 kite shield {AC+3}
rNeg    . . .      Spirit   .   C - +0 plate armour
rPois   .          Reflect  .   (helmet restricted)
rElec   .          Harm     .   w - +2 cloak {Stlth+}
rCorr   .          Rampage  .   F - +0 pair of gloves
Will    .....                   e - +0 pair of boots of Hedge Wizardry {Str+2}
Stlth   ..........              (no amulet)
HPRegen 0.23/turn               o - +4 ring of evasion
MPRegen 0.11/turn               y - ring of flight

@: flying
A: horns 2, retaliatory headbutt
a: Renounce Religion, Recite, Vitalisation, Imprison, Sanctuary, Donate Gold


You were on level 8 of the Dungeon.
You worshipped Zin.
Zin was exalted by your worship.
You visited 2 branches of the dungeon, and saw 10 of its levels.
You also visited: Sewer.

You collected 2299 gold pieces.
You spent 12 gold pieces at shops.
You donated 233 gold pieces to Zin.

Inventory:

Hand Weapons
 a - a +1 war axe (weapon)
 r - the +5 flail of Linearity {holy, rF+ Int-2 Dex+6}
   (You found it on level 4 of the Dungeon)

   It has been blessed by the Shining One to cause great damage to the undead
   and demons.
   Int:       It affects your intelligence (-2).
   Dex:       It affects your dexterity (+6).
   rF:        It protects you from fire.
Missiles
 g - 221 stones (quivered)
 i - 64 poisoned darts
 k - 6 javelins
 m - a throwing net
Armour
 e - the +0 pair of boots of Hedge Wizardry (worn) {Str+2}
   (You acquired it on level 2 of the Dungeon)

   Str:       It affects your strength (+2).
 j - a +1 kite shield of protection (worn)
 w - a +2 cloak of stealth (worn)
 C - a +0 plate armour (worn)
 F - a +0 pair of gloves (worn)
Jewellery
 c - a ring of protection from fire
 n - a +4 ring of evasion
 o - a +4 ring of evasion (left hand)
 p - an amulet of magic regeneration
 t - a +4 ring of evasion
 y - a ring of flight (right hand)
Wands
 l - a wand of charming (8)
 s - a wand of flame (62)
 E - a wand of iceblast (6)
Scrolls
 b - 2 scrolls of identify
 q - 2 scrolls of amnesia
 A - 2 scrolls of fear
 B - a scroll of blinking
Potions
 d - 3 potions of heal wounds
 f - 2 potions of flight
 h - 6 potions of curing
 u - 4 potions of haste
 v - a potion of invisibility
 x - a potion of might
 z - 2 potions of magic
 D - 2 potions of berserk rage


   Skills:
 + Level 5.4 Fighting
 + Level 15.9 Axes
 + Level 5.5 Armour
 + Level 3.4 Dodging
 + Level 5.5 Shields


You had 9 spell levels left.
You didn't know any spells.
Your spell library contained the following spells:

 Spells                   Type           Power      Damage    Failure   Level
 Animate Skeleton         Necr           0%         N/A       100%        1
 Magic Dart               Conj           0%         1d3       100%        1
 Pain                     Necr           0%         1d4       100%        1
 Sting                    Tmut/Pois      0%         1d3       100%        1
 Ensorcelled Hibernation  Hex/Ice        0%         N/A       100%        2
 Poisonous Vapours        Pois/Air       0%         N/A       100%        2
 Searing Ray              Conj           0%         2d4       100%        2
 Ozocubu's Armour         Ice            0%         N/A       100%        3
 Spider Form              Tmut/Pois      0%         N/A       100%        3
 Vampiric Draining        Necr           0%         2d6       100%        3
 Anguish                  Hex/Necr       0%         N/A       100%        4
 Fulminant Prism          Conj/Hex       0%         3d6       100%        4
 Olgreb's Toxic Radiance  Pois           0%         N/A       100%        4
 Passage of Golubria      Tloc           0%         N/A       100%        4
 Metabolic Englaciation   Hex/Ice        0%         N/A       100%        5
 Silence                  Hex/Air        0%         N/A       100%        5
 Simulacrum               Ice/Necr       0%         N/A       100%        6
 Lehudib's Crystal Spear  Conj/Erth      0%         10d2      100%        8


Dungeon Overview and Level Annotations

Branches:
Dungeon (9/15)             Temple (1/1) D:4           Sewer (visited)
   Lair: D:8-11         Orc: D:9-12

Altars:
Ashenzari
Cheibriados
Dithmenos
Elyvilon
Fedhas
Gozag
Hepliaklqana
Kikubaaqudgha
Makhleb
Nemelex Xobeh
Okawaru
Qazlal
Ru
Sif Muna
Trog
Uskayaw
Vehumet
Wu Jian
Xom
Yredelemnul
Zin
The Shining One

Shops:
D:1 !   D:2 (


Innate Abilities, Weirdness & Mutations

You have a pair of horns on your head.
You reflexively headbutt those who attack you in melee.


Message History

You hit something but do no damage. You headbutt something. You hit something.
Something hits you but does no damage. You block something's attack.
You slash something!
Reactivating autopickup.
You feel a bit more experienced.
You barely miss something. Something hits you but does no damage.
Deactivating autopickup; reactivate with Ctrl-A.
Something hits you but does no damage.
Items here: )) / ? [[ †.
You start resting.
A meliai comes into view. It is wielding a +0 war axe.
Something hits you but does no damage. 2 meliai come into view.
A meliai is wielding a +0 hand axe of venom.
The meliai buzzes angrily. x2
A magic dart appears from out of thin air!
The magic dart hits you but does no damage.
You see here a wand of acid (3).
The meliai invokes the aid of its god against you.
Something smites you!
The meliai invokes the aid of its god against you.
Something smites you!
A magic dart appears from out of thin air!
The magic dart hits you but does no damage.
The meliai invokes the aid of its god against you.
Something smites you!
* * * LOW HITPOINT WARNING * * *
A goblin comes into view. It is wielding a +0 hand axe.
There is an escape hatch in the ceiling here.
You block the meliai's attack. x2
The meliai calls down the wrath of its god upon you.
Something smites you!
* * * LOW HITPOINT WARNING * * *
A mysterious force pulls you upwards. The hatch slams shut behind you.
Reactivating autopickup.
You slice the meliai!!
The meliai is almost dead.
The meliai calls down the wrath of its god upon you.
Something smites you!
You die...

###.#####.###..#### # # #.#
#...<..### # # #.# ##).##...# #
###.# #))####.# ## ....# #..#
#.# #. ..### ###..# #.# #.
#.######....# #.# #.
#......#.##.# #y# ##
#..###.#.##.# #@# ...#
#....#.####.#####
#..###.#.............#
#......#....####.###.### #####
.....###....# #.#.....# #...###
#..###
#....####.#.###.####......
#..#####...........#
#...##...###
............####.#.###.#.###.##
# #..#######..# #.#...[.#.....#
#


You could see a meliai.

Vanquished Creatures
  A two-headed ogre (D:9)
  A troll (D:6)
  Prince Ribbit (D:9)
  A wyvern (D:8)
  A steam dragon (D:6)
  3 water moccasins
  Duvessa (D:4)
  2 ice beasts
  4 orc warriors
  A black bear (D:8)
  A necrophage (D:4)
  3 centaurs
  A bullfrog (D:5)
  6 kobold brigands
  A wyvern zombie (D:7)
  A scorpion (D:5)
  A wyvern skeleton (D:6)
  Dowan (D:4)
  4 howler monkeys
  3 bullfrog zombies
  2 centaur zombies
  2 hounds (D:5)
  8 orc priests
  2 jellies
  A gnoll shaman (D:6)
  Crazy Yiuf (D:5)
  2 iguanas (D:4)
  8 orc wizards
  A howler monkey zombie (D:8)
  11 gnolls
  8 adders
  A river rat (D:5)
  A white imp (D:6)
  2 ufetubi (D:5)
  An adder skeleton (D:4)
  4 worms
  2 dart slugs
  28 orcs
  3 endoplasms
  6 giant cockroaches
  7 goblins
  9 hobgoblins
  11 jackals
  35 kobolds
  6 quokkas
  12 ball pythons
  12 bats
  12 frilled lizards
  10 rats
246 creatures vanquished.

Vanquished Creatures (others)
  2 sky beasts
  2 fungi
  8 plants
12 creatures vanquished.

Grand Total: 258 creatures vanquished

Notes
Turn   | Place    | Note
-------+----------+-------------------------------------------
     0 | D:1      | raph the Minotaur Fighter began the quest for the Orb.
     0 | D:1      | Reached XP level 1. HP: 19/19 MP: 0/0
   188 | D:1      | Reached skill level 3 in Axes
   201 | D:1      | Reached XP level 2. HP: 14/26 MP: 1/1
   796 | D:1      | Reached skill level 4 in Axes
   903 | D:1      | Reached XP level 3. HP: 16/31 MP: 2/2
  1196 | D:1      | Found Uwkem's Distillery.
  1201 | D:1      | Bought a potion of degeneration for 12 gold pieces
  1444 | D:2      | Found a faded altar of an unknown god.
  1682 | D:2      | Reached skill level 5 in Axes
  1947 | D:2      | Reached XP level 4. HP: 39/39 MP: 3/3
  1978 | D:2      | Found Veorob's Antique Weapon Shop.
  2229 | D:2      | Identified 2 scrolls of acquirement
  2229 | D:2      | Acquired the +0 pair of boots of Hedge Wizardry {Str+2}
  2405 | D:3      | Noticed a sky beast
  2415 | D:3      | Reached skill level 6 in Axes
  2419 | D:3      | Killed a sky beast
  2420 | D:3      | Reached XP level 5. HP: 20/45 MP: 4/4
  2424 | D:3      | Reached skill level 7 in Axes
  2668 | D:3      | Found a bloodstained altar of Trog.
  2843 | D:3      | Reached XP level 6. HP: 37/51 MP: 5/5
  3197 | D:3      | Reached skill level 8 in Axes
  3502 | D:4      | Identified the +5 flail of Linearity {holy, rF+ Int-2
                  | Dex+6}
  3728 | D:4      | Noticed an orc warrior
  3751 | D:4      | Killed an orc warrior
  3760 | D:4      | Reached skill level 9 in Axes
  3976 | D:4      | Reached XP level 7. HP: 54/57 MP: 6/6
  4077 | D:4      | Noticed Duvessa
  4078 | D:4      | Noticed Dowan
  4110 | D:4      | Killed Duvessa
  4111 | D:4      | Reached skill level 10 in Axes
  4116 | D:4      | Killed Dowan
  4527 | D:4      | Found a staircase to the Ecumenical Temple.
  4534 | Temple   | Entered the Ecumenical Temple
  4643 | Temple   | Became a worshipper of Zin the Law-Giver
  4643 | Temple   | Reached * piety under Zin
  4656 | D:4      | Donated 80 gold pieces to Zin
  4669 | D:5      | Entered Level 5 of the Dungeon
  5097 | D:5      | Found a glowing drain.
  5112 | Sewer    | Entered a sewer
  5194 | Sewer    | Reached skill level 11 in Axes
  5263 | Sewer    | Reached XP level 8. HP: 35/64 MP: 7/7
  5628 | D:5      | Reached ** piety under Zin
  5629 | D:5      | Acquired a +0 kite shield of protection
  5909 | D:5      | Reached skill level 12 in Axes
  5916 | D:5      | Acquired 493 gold pieces
  5917 | D:5      | Reached *** piety under Zin
  5978 | D:5      | Reached **** piety under Zin
  6236 | D:5      | Found a runed translucent door.
  6237 | D:5      | Noticed Crazy Yiuf
  6245 | D:5      | Killed Crazy Yiuf
  6647 | D:6      | Reached skill level 13 in Axes
  6931 | D:6      | Noticed a troll
  6948 | D:6      | Killed a troll
  6953 | D:6      | Reached skill level 14 in Axes
  6953 | D:6      | Reached XP level 9. HP: 18/70 MP: 8/8
  7235 | D:6      | Acquired 1354 gold pieces
  7236 | D:6      | Reached ***** piety under Zin
  7911 | D:7      | Reached skill level 15 in Axes
  8274 | D:7      | Found an iron altar of Okawaru.
  8296 | D:7      | Found a white marble altar of Elyvilon.
  8297 | D:7      | Found a basalt altar of Yredelemnul.
  8297 | D:7      | Found a shimmering altar of Xom.
  8516 | D:8      | Reached skill level 1 in Dodging
  8937 | D:8      | Found a broken altar of Ashenzari.
  8941 | D:8      | Saw a vision of the Swamp and the Snake Pit.
  8941 | D:8      | Noticed a shock serpent
  8941 | D:8      | Noticed a naga mage
  8941 | D:8      | Noticed a black mamba
  8941 | D:8      | Noticed a naga ritualist
  8941 | D:8      | Noticed an alligator
  8941 | D:8      | Noticed a goliath frog
  8941 | D:8      | Noticed a naga warrior
  8942 | D:8      | Noticed an anaconda
  9109 | D:8      | Reached ****** piety under Zin
  9448 | D:9      | Noticed Prince Ribbit
  9459 | D:9      | Reached XP level 10. HP: 58/80 MP: 9/9
  9465 | D:9      | Killed Prince Ribbit
  9466 | D:9      | Reached skill level 5 in Armour
  9466 | D:9      | Reached skill level 5 in Shields
  9624 | D:9      | Noticed a two-headed ogre
  9631 | D:9      | Reached skill level 5 in Fighting
  9635 | D:9      | Killed a two-headed ogre
  9648 | D:8      | Killed from afar by a meliai

Illustrated notes

Levels and vault maps discovered:
D:1:      minmay_arrival_stone_box, layout_rooms, serial_shops,
          nicolae_shop_hallway_plus, minmay_split_cup_small
D:2:      layout_basic, serial_shops, shop,
          chequers_ecumenical_altar_simple_redux, serial_park_tiny_1,
          minmay_cupped
D:3:      layout_basic, mainiacjoe_overflow_24_doors, minmay_lizard_king
D:4:      layout_loops_ring, minmay_temple_entry_proselytizer,
          minmay_diced_spiral, uniq_duvessa
D:5:      layout_loops_corners, portal_sewer_entry_a, uniq_crazy_yiuf_cottage
D:6:      minmay_chambers_of_sixes, layout_cave_pools
D:7:      layout_cave_pools, chequers_temple_overflow_statue_of_worship,
          okawaru_trees_1
D:8:      layout_loops_ring, grunt_ashenzari_visionary
          [grunt_ashenzari_visionary_swamp, grunt_ashenzari_visionary_snake]
D:9:      layout_rooms, enter_bailey_3, chequers_serial_rivers_micro_a,
          uniq_prince_ribbit1
Temple:   lightli_temple_of_artemis

Skill      XL: |  1  2  3  4  5  6  7  8  9 10 |
---------------+-------------------------------+-----
Axes           | 3 4 5 6 7 9 11 14 15 | 15.9
Dodging        | 2 3 |  3.4
Fighting       | 4 5 |  5.4
Armour         | 4 5 |  5.5
Shields        | 4 5 |  5.5

Action                   |  1- 3 |  4- 6 |  7- 9 | 10-12 || total
-------------------------+-------+-------+-------+-------++-------
Melee: War axe           |   107 |   128 |   369 |    20 ||   624
       Headbutt          |    11 |    19 |    72 |     6 ||   108
Throw: Dart              |     5 |     7 |     8 |       ||    20
       Stone             |       |       |     2 |       ||     2
Invok: Donate Gold       |       |       |     1 |       ||     1
       Recite            |       |       |     1 |       ||     1
  Use: Scroll            |     5 |     3 |    15 |       ||    23
       Potion            |       |     1 |       |       ||     1
 Stab: Confused          |       |       |     1 |       ||     1
Armor: Scale mail        |    56 |    49 |    56 |       ||   161
       Plate armour      |       |       |    88 |    13 ||   101
Dodge: Dodged            |    63 |    68 |   149 |     6 ||   286
Block: Buckler           |    20 |    22 |    30 |       ||    72
       Kite shield       |       |       |   123 |     8 ||   131
